 Dungeon Crawl Stone Soup version 0.31-a0-659-gc5a091b79a (webtiles) character file.

Game seed: 6978094006800785558

889 Revguard the Sneak (level 7, -4/55 HPs)
             Began as a Demonspawn Brigand on Aug 31, 2023.
             Was a Follower of Ashenzari.
             Slain by a water moccasin (6 damage)
             ... on level 6 of the Dungeon.
             The game lasted 00:26:24 (6213 turns).

Revguard the Sneak (Demonspawn Brigand)             Turns: 6213, Time: 00:26:25

Health: -4/55      AC:  7    Str: 11    XL:     7   Next: 77%
Magic:  9/9        EV: 12    Int: 13    God:    Ashenzari [*.....]
Gold:   269        SH:  0    Dex: 16    Spells: 6/6 levels left

rFire   . . .        e - +2 short sword (vamp)
rCold   . . .        (no shield)
rNeg    . . .        g - +0 leather armour
rPois   .            i - +0 helmet "Shame of Ashenzari" {Elem, Self} (curse)
rElec   .            c - +0 cloak
rCorr   .            (no gloves)
SInv    .            (no boots)
Will    +....        (no amulet)
Stlth   +++          q - ring of the Enlightened Comet {Will+, Range, Bglg} (curse)
HPRegen 0.29/turn    (no ring)
MPRegen 0.11/turn

%: no passive effects
@: lethally poisoned (-4 -> -7)
A: thin metallic scales 1, ignite blood 1
a: Renounce Religion, Shatter the Chains


You were on level 6 of the Dungeon.
You worshipped Ashenzari.
Ashenzari was aware of your devotion.
You visited 1 branch of the dungeon, and saw 6 of its levels.

You collected 269 gold pieces.

Inventory:

Hand Weapons
 d - a +1 dagger of speed
 e - a +2 vampiric short sword (weapon)
 f - a +0 dagger of protection
 m - a +1 long sword of electrocution
Missiles
 j - 16 poisoned darts (quivered)
 k - a curare-tipped dart
 p - 5 javelins
Armour
 b - a +0 robe
 c - a +0 cloak (worn)
 g - a +0 leather armour (worn)
 i - the cursed +0 helmet "Shame of Ashenzari" (worn) {Elem, Self}
   (You took it off Robin on level 4 of the Dungeon)

   It has a curse which improves the following skills: Elements: Fire Magic, Ice
   Magic, Air Magic and Earth Magic.
   Introspection: Fighting and Spellcasting.
Jewellery
 q - the cursed ring of the Enlightened Comet (left hand) {Will+, Range, Bglg}
   (You found it on level 4 of the Dungeon)

   [ring of willpower]

   Will+:     It increases your willpower.
   It has a curse which improves the following skills: Ranged Combat: Ranged
   Weapons and Throwing.
   Beguiling: Conjurations, Hexes and Translocations.
Scrolls
 h - a scroll of amnesia
Potions
 l - 2 potions of haste


   Skills:
 + Level 3.7(4.4) Fighting
 + Level 3.3 Short Blades
 + Level 3.1(3.8) Throwing
 + Level 2.5 Armour
 + Level 2.7 Dodging
 + Level 5.6 Stealth
 + Level 3.9 Invocations
 - Level 0.6 Evocations


You had 6 spell levels left.
You didn't know any spells.
Your spell library contained the following spells:

 Spells                   Type           Power      Damage    Failure   Level
 Magic Dart               Conj           0%         1d3       36%         1
 Searing Ray              Conj           0%         2d4       52%         2
 Fulminant Prism          Conj/Hex       0%         3d5       98%         4


Dungeon Overview and Level Annotations

Branches:
Dungeon (6/15)             Temple (0/1) D:5

Altars:
Ashenzari
Dithmenos
Gozag
Nemelex Xobeh
Sif Muna
Xom
Yredelemnul

Shops:
D:1 ((?:   D:5 (


Innate Abilities, Weirdness & Mutations

You are partially covered in thin metallic scales. (AC +2)
Your demonic aura sometimes causes spilled blood to erupt in flames.


Message History

You feel sick.
The water moccasin bites you but does no damage.
You barely miss the water moccasin.
The water moccasin is almost dead.
You feel sick. The water moccasin closely misses you.
You barely miss the water moccasin.
The water moccasin is almost dead.
You feel sick. The water moccasin bites you.
* * * LOW HITPOINT WARNING * * *
You are lethally poisoned!
The water moccasin poisons you!
You barely miss the water moccasin.
The water moccasin is almost dead.
* * * LOW HITPOINT WARNING * * *
You feel sick. The water moccasin barely misses you.
Blink to where?
Press: ? - help, Dir - move target An adder comes into view.
Found a +0 leather armour.
As you read the scroll of blinking, it crumbles to dust.
* * * LOW HITPOINT WARNING * * *
You feel sick.
Throw: 17 darts (poison)
Press: ? - help, Q - select action, (/) - cycle Shift-Dir - straight line, f - water moccasin
Aim: a water moccasin (severely wounded, 42% to hit)
You throw a poisoned dart.
The poisoned dart barely misses the water moccasin.
* * * LOW HITPOINT WARNING * * *
You feel sick.
Okay, then.
* * * LOW HITPOINT WARNING * * *
You feel sick.
The adder hisses angrily.
The water moccasin bites you.
* * * LOW HITPOINT WARNING * * *
* * * LOW HITPOINT WARNING * * *
You feel sick.
The water moccasin bites you but does no damage.
The water moccasin bites you.
You die...

.. ...# #. #.
#..# #. .
#..#..# #. ..
#.#..##.
...#......
.#.......#
.........#
........S###
.........@.####
....S#.....(..#
....
###..#ยง### ...
###..# [.. ##.#
.#.. #.# #..#
##.## #..##
##...##
##...###.###.#


You could see a water moccasin and an adder.

Vanquished Creatures
  A black bear (D:5)
  A bullfrog (D:5)
  3 scorpions
  A hound (D:4)
  6 orc priests
  3 orc wizards
  Robin (D:4)
  4 gnolls
  9 adders
  An ufetubus (D:5)
  3 worms (D:2)
  2 dart slugs
  15 orcs
  8 ball pythons
  4 bats
  3 endoplasms
  5 giant cockroaches
  24 goblins
  13 hobgoblins
  2 jackals (D:2)
  10 kobolds
  3 quokkas
  3 frilled lizards
  2 rats (D:3)
127 creatures vanquished.

Notes
Turn   | Place    | Note
-------+----------+-------------------------------------------
     0 | D:1      | Revguard the Demonspawn Brigand began the quest for the
                  | Orb.
     0 | D:1      | Reached XP level 1. HP: 16/16 MP: 1/1
    34 | D:1      | Found Dokif's Book Emporium.
   141 | D:1      | Found a faded altar of an unknown god.
   146 | D:1      | Found Ifal's Weapon Shoppe.
   150 | D:1      | Found Paro's Weapon Emporium.
   153 | D:1      | Reached skill level 1 in Dodging
   162 | D:1      | Gained mutation: Your demonic aura sometimes causes spilled
                  | blood to erupt in flames. [demonic ancestry]
   162 | D:1      | Reached XP level 2. HP: 22/22 MP: 2/2
   457 | D:1      | Found Tuxt's Magic Scroll Shop.
   845 | D:2      | Reached XP level 3. HP: 27/27 MP: 3/3
   881 | D:2      | Reached skill level 1 in Invocations
   897 | D:2      | Reached skill level 4 in Stealth
  1232 | D:2      | Reached XP level 4. HP: 17/34 MP: 4/4
  1238 | D:2      | Reached skill level 1 in Armour
  2294 | D:3      | Found a broken altar of Ashenzari.
  2423 | D:3      | Found a basalt altar of Yredelemnul.
  2896 | D:3      | Became a worshipper of Ashenzari the Shackled
  2936 | D:3      | Reached XP level 5. HP: 25/39 MP: 6/6
  3180 | D:4      | Found a shadowy altar of Dithmenos.
  3307 | D:4      | Found an opulent altar of Gozag.
  3438 | D:4      | Found a sparkling altar of Nemelex Xobeh.
  3677 | D:4      | Noticed Robin
  3718 | D:4      | Gained mutation: You are partially covered in thin metallic
                  | scales. (AC +2) [demonic ancestry]
  3718 | D:4      | Reached XP level 6. HP: 26/46 MP: 7/7
  3722 | D:4      | Killed Robin
  4126 | D:4      | Found a shimmering blue altar of Sif Muna.
  4126 | D:4      | Found a shimmering altar of Xom.
  4267 | D:5      | Entered Level 5 of the Dungeon
  4406 | D:5      | Reached skill level 5 in Stealth
  4532 | D:5      | Found Lumilo's Antique Weapon Emporium.
  4684 | D:5      | Reached XP level 7. HP: 36/52 MP: 9/9
  4881 | D:5      | Found a staircase to the Ecumenical Temple.
  4896 | D:5      | Reached * piety under Ashenzari
  5572 | D:5      | Identified the cursed +0 helmet "Shame of Ashenzari" {Elem,
                  | Self} (You took it off Robin on level 4 of the Dungeon)
  6213 | D:6      | HP: 2/55 [poisoned by a water moccasin]
  6213 | D:6      | Slain by a water moccasin

Illustrated notes

Levels and vault maps discovered:
D:1:      evilmike_arrival_hilbert_curve, layout_basic,
          nicolae_ecumenical_lake_church, serial_shops,
          nicolae_book_shop_shelving, shop_statue,
          nicolae_shop_advertising_works [nicolae_subvault_shop_adworks], shop
D:2:      kennysheep_six_static_rooms, layout_basic
D:3:      layout_loops_ring, kennysheep_ying_yang, cheibrodos_ashenzari_chains,
          kennysheep_generic_room_12
D:4:      layout_basic, old_standard_altar, lemuel_doored_altar,
          general_overflow_altar, minitemple, uniq_robin
D:5:      layout_gridville, minmay_temple_entry_junction_2, serial_shops, shop
D:6:      layout_layer_cave, trog_book, minmay_microvault, uniq_edmund,
          uniq_jeremiah

Skill      XL: |  1  2  3  4  5  6  7 |
---------------+----------------------+-----
Dodging        | 1 2 |  2.7
Short Blades   | 2 3 |  3.3
Invocations    | 1 2 3 |  3.9
Stealth        | 4 5 |  5.6
Armour         | 1 2 |  2.5
Throwing       | 2 3 |  3.1
Fighting       | 3 |  3.7
Evocations     | |  0.6

Action                     |  1- 3 |  4- 6 |  7- 9 || total
---------------------------+-------+-------+-------++-------
  Melee: Dagger            |   118 |   381 |    46 ||   545
         Punch             |       |     5 |     3 ||     8
         Short sword       |       |       |   104 ||   104
  Throw: Dart              |     8 |    19 |    21 ||    48
         Throwing net      |       |     1 |       ||     1
 Invoke: Curse Item        |       |     1 |     1 ||     2
    Use: Scroll            |       |    10 |     1 ||    11
         Potion            |       |     3 |     2 ||     5
   Stab: Sleeping          |     7 |    17 |     1 ||    25
         Distracted        |       |     1 |       ||     1
         Held in net/web   |       |     1 |       ||     1
 Armour: Robe              |    62 |    22 |       ||    84
         Leather armour    |       |   146 |   114 ||   260
         Skin              |       |       |    10 ||    10
  Dodge: Dodged            |    52 |   154 |    79 ||   285

Table legend: (Time is in decaauts)
 A = Elapsed time spent in this place.
 B = Non-inter-level travel time spent in this place.
 C = Inter-level travel time spent in this place.
 D = Time resting spent in this place.
 E = Time spent auto-exploring this place.
 F = Levels seen in this place.
 G = Mean time per level.
                   A        B        C        D        E       F      G
               +--------+--------+--------+--------+--------+-----+--------+
         Total |   5995 |   5858 |    137 |    871 |   3325 |   6 |  999.2 |
       Dungeon |   5995 |   5858 |    137 |    871 |   3325 |   6 |  999.2 |
               +--------+--------+--------+--------+--------+-----+--------+

Top non-repeatable levels by time:
     D:5: 1612 daAuts
     D:2: 1384 daAuts
     D:4: 1205 daAuts
     D:3: 865 daAuts
     D:1: 766 daAuts
     D:6: 161 daAuts
